General information
- name: BNet
- type: Ladder 1vs1/FFA
- host: Battle.net
- saver: c0cksmeller
map: TirisfalGlades
- players: 2
- length: 33:54
- speed: Fast
- version: 1.21 W3XP
- replay type: Public
» download(134 KB)
Players
team 1 (loser)
ShIpY (
red | 113 APM | 3818 actions | 33:53)
6 Blademaster
3 Wind Walk
2 Critical Strike
1 Bladestorm
4 Tauren Chieftain
2 War Stomp
2 Endurance Aura
» actions
| Assign group hotkey | 63 | |
| Basic commands | 145 | |
| Build / train | 176 | |
| ESC pressed | 13 | |
| Enter build submenu | 26 | |
| Enter hero's abilities submenu | 10 | |
| Give item / drop item | 9 | |
| Right click | 1501 | |
| Select / deselect | 654 | |
| Select group hotkey | 992 | |
| Use ability | 229 | |
3818 total
» units
| Peon | 22 | |
| Grunt | 20 | |
| Raider | 4 | |
| Kodo Beast | 7 | |
| Troll Batrider | 55 | |
| Demolisher | 1 | |
| Wind Rider | 6 | |
115 total
» upgrades
| Berserker Strength | 1 | |
| Armor | 2 | |
| Ensnare | 1 | |
| Ranged Weapons | 2 | |
| Melee Weapons | 2 | |
| Liquid Fire | 1 | |
| Envenomed Spears | 1 | |
10 total
» buildings
| Altar of Storms | 1 | |
| Orc Burrow | 8 | |
| Barracks | 1 | |
| Voodoo Lounge | 1 | |
| Stronghold | 4 | |
| War Mill | 1 | |
| Beastiary | 2 | |
| Great Hall | 2 | |
| Watch Tower | 5 | |
| Fortress | 1 | |
26 total
» build order
00:08 Altar of Storms
00:18 Orc Burrow
00:38 Barracks
01:37 Orc Burrow
02:01 Voodoo Lounge
03:07 Stronghold
03:08 Stronghold
03:08 Stronghold
03:08 Stronghold
04:13 Orc Burrow
05:04 War Mill
06:24 Beastiary
06:50 Orc Burrow
07:55 Orc Burrow
08:38 Great Hall
08:45 Beastiary
11:10 Watch Tower
14:46 Orc Burrow
15:35 Orc Burrow
16:20 Watch Tower
16:59 Watch Tower
17:10 Watch Tower
17:22 Watch Tower
19:49 Fortress
21:52 Orc Burrow
25:00 Great Hall
» items
| Healing Salve | 6 | |
| Scroll of Speed | 5 | |
| Boots of Speed | 1 | |
| Lesser Clarity Potion | 9 | |
| Potion of Healing | 4 | |
| Potion of Mana | 1 | |
| Scroll of Healing | 3 | |
| Potion of Lesser Invulnerability | 2 | |
31 total
team 2 (winner)
c0cksmeller (
green | 112 APM | 3809 actions | 33:54)
6 Death Knight
3 Death Coil
3 Unholy Aura
5 Lich
2 Frost Armor
2 Frost Nova
1 Death and Decay
» actions
| Assign group hotkey | 39 | |
| Basic commands | 276 | |
| Build / train | 95 | |
| ESC pressed | 3 | |
| Enter build submenu | 17 | |
| Enter hero's abilities submenu | 11 | |
| Give item / drop item | 4 | |
| Remove unit from queue | 1 | |
| Right click | 1718 | |
| Select / deselect | 918 | |
| Select group hotkey | 567 | |
| Use ability | 160 | |
3809 total
» units
| Acolyte | 8 | |
| Ghoul | 9 | |
| Crypt Fiend | 21 | |
| Frost Wyrm | 8 | |
46 total
» upgrades
| Creature Carapace | 2 | |
| Burrow | 1 | |
| Creature Attack | 2 | |
| Ghoul Frenzy | 1 | |
| Web | 1 | |
7 total
» buildings
| Crypt | 1 | |
| Graveyard | 3 | |
| Altar of Darkness | 1 | |
| Ziggurat | 6 | |
| Tomb of Relics | 1 | |
| Halls of the Dead | 2 | |
| Nerubian Tower | 1 | |
| Black Citadel | 1 | |
| Sacrificial Pit | 1 | |
| Spirit Tower | 2 | |
| Boneyard | 1 | |
| Necropolis | 1 | |
21 total
» build order
00:11 Crypt
00:22 Graveyard
00:24 Graveyard
00:46 Altar of Darkness
01:02 Ziggurat
01:28 Tomb of Relics
02:09 Ziggurat
04:31 Halls of the Dead
04:54 Nerubian Tower
06:31 Halls of the Dead
06:52 Ziggurat
09:28 Ziggurat
11:22 Black Citadel
13:58 Sacrificial Pit
14:46 Spirit Tower
15:11 Boneyard
15:54 Ziggurat
22:32 Spirit Tower
24:55 Necropolis
25:11 Graveyard
30:51 Ziggurat
» items
| Rod of Necromancy | 3 | |
| Dust of Appearance | 6 | |
| Potion of Healing | 3 | |
| Potion of Mana | 2 | |
| Scroll of Protection | 1 | |
| Scroll of Healing | 1 | |
| Scroll of Town Portal | 3 | |
| Orb of Corruption | 1 | |
| Potion of Lesser Invulnerability | 1 | |
21 total
Chat log
(00:55 / All) ShIpY: hey u wanna smell my coock??
(01:05 / All) c0cksmeller: no idiot
(01:31 / All) ShIpY: why
(01:36 / All) c0cksmeller: ur gay
(01:42 / All) ShIpY: lol
(01:43 / All) ShIpY: XD
(11:28 / All) c0cksmeller: man r u lucifer
(11:38 / All) ShIpY: ?
(14:57 / All) c0cksmeller: Mass kodos
(15:00 / All) c0cksmeller: dont counter anything
(15:01 / All) c0cksmeller: fyi
(30:15 / All) c0cksmeller: hey u dont mh
(30:16 / All) c0cksmeller: rofl
(30:28 / All) c0cksmeller: I move my fiends away
(30:29 / All) c0cksmeller: u suddenly
(30:31 / All) c0cksmeller: coem in with bats
(30:36 / All) ShIpY: bm
(30:39 / All) ShIpY: ^^
(30:40 / All) c0cksmeller: Im sure
(30:41 / All) c0cksmeller: I dusted
(33:49 / All) ShIpY: gg
(33:53 / All) c0cksmeller: noob